 Dungeon Crawl Stone Soup version 0.31-a0-151-ge443d1f16c (webtiles) character file.

Game seed: 11871082637412229728

310 qw the Shooter (level 6, -1/38 HPs)
             Began as a Gargoyle Hunter on June 8, 2023.
             Was an Initiate of Okawaru.
             Slain by a gnoll
             ... wielding a +0 halberd
             ... led by a gnoll bouda
              (10 damage)
             ... on level 4 of the Dungeon.
             The game lasted 00:01:18 (3137 turns).

qw the Shooter (Gargoyle Hunter)                    Turns: 3137, Time: 00:01:18

Health: -1/38      AC: 10    Str: 14    XL:     6   Next: 41%
Magic:  6/6        EV: 10    Int: 10    God:    Okawaru [......]
Gold:   233        SH:  0    Dex: 15    Spells: 5/5 levels left

rFire   + . .        Y - +0 shortbow (elec)
rCold   . . .        (shield currently unavailable)
rNeg    + . .        d - +0 ring mail
rPois   inf          (no helmet)
rElec   +            (no cloak)
rCorr   .            j - +0 pair of gloves
SInv    .            (no boots)
Will    .....        (no amulet)
Stlth   +            b - ring of protection from fire
HPRegen 0.26/turn    (no ring)
MPRegen 0.10/turn

%: no passive effects
@: about to teleport
A: sickness immunity, AC +4, negative energy resistance 1, electricity
resistance, torment resistance 1, petrification resistance
a: Renounce Religion


You were on level 4 of the Dungeon.
You worshipped Okawaru.
Okawaru was noncommittal.
You visited 1 branch of the dungeon, and saw 4 of its levels.
You also visited: Sewer.

You collected 233 gold pieces.


Innate Abilities, Weirdness & Mutations

You are immune to sickness and miasma.
Your stone body is resilient. (AC +4)
You are immune to poison.
You resist negative energy. (rN+)
You are resistant to electric shocks. (rElec)
You are resistant to unholy torment.
You are immune to petrification.


   Skills:
 - Level 4.0 Fighting
 + Level 6.6 Ranged Weapons
 - Level 1.2 Armour
 - Level 1.5 Dodging
 - Level 1.1 Stealth


You had 5 spell levels left.
You didn't know any spells.
Your spell library was empty.

Inventory:

Hand Weapons
 Y - a +0 shortbow of electrocution (weapon)
Armour
 d - a +0 ring mail (worn)
 e - a +1 ring mail of willpower
 j - a +0 pair of gloves (worn)
Jewellery
 b - a ring of protection from fire (left hand)
 c - a ring of flight
 m - a +6 ring of intelligence
Scrolls
 f - a scroll of teleportation
 h - a scroll of blinking {unknown}
 i - 2 scrolls of identify
Potions
 a - 3 potions of curing
 g - a potion of degeneration {unknown}
 k - a potion of haste {unknown}
 l - a potion of mutation {unknown}

Dungeon Overview and Level Annotations

Branches:
Dungeon (4/15)              Sewer (visited)
 Temple: D:4-7

Altars:
Ashenzari
Cheibriados
Elyvilon
Gozag
Hepliaklqana
Kikubaaqudgha
Makhleb
Nemelex Xobeh
Okawaru
Sif Muna
Xom


Message History

You shoot an arrow. The arrow hits the ball python.
You kill the ball python!
Okawaru accepts your kill.
A gnoll comes into view. It is wielding a +0 flail.
3128 ||| Stepping ~*~*~tactically~*~*~ (outnumbered).
You shoot an arrow. The arrow closely misses the gnoll.
The gnoll barely misses you. The gnoll hits you but does no damage.
The gnoll barely misses you.
You shoot an arrow. The arrow hits the gnoll.
The gnoll is lightly wounded.
The gnoll completely misses you. The gnoll barely misses you. x2
The gnoll hits you but does no damage. The gnoll barely misses you.
You shoot an arrow. The arrow barely misses the gnoll.
The gnoll hits you from afar with a +0 halberd!
The gnoll hits you but does no damage. x2
You shoot an arrow.
The arrow hits the gnoll but does no damage.
The gnoll is lightly wounded.
The gnoll barely misses you. x2; The gnoll hits you but does no damage.
You shoot an arrow. The arrow barely misses the gnoll.
The gnoll misses you. The gnoll hits you with a +0 flail.
The gnoll barely misses you. The gnoll closely misses you.
You shoot an arrow. The arrow hits the gnoll.
Lightning courses through the gnoll!!
You kill the gnoll!
Okawaru accepts your kill. The gnoll hits you with a +0 flail.
The gnoll hits you from afar with a +0 halberd.
You shoot an arrow. The arrow barely misses the gnoll.
The gnoll barely misses you. The gnoll completely misses you.
You shoot an arrow. The arrow hits the gnoll!
The gnoll is heavily wounded.
The gnoll is no longer moving quickly.
The gnoll hits you with a +0 flail.
The gnoll throws a throwing net.
The throwing net barely misses you. The gnoll hits you with a +0 flail.
3137 ||| READING 2 scrolls of teleportation.
As you read the scroll of teleportation, it crumbles to dust.
You feel strangely unstable.
The gnoll hits you from afar with a +0 halberd!
You die...

#.##.######.#.##.....#
#.##.# #.#.#####..#
#.##.# #.#.###....#
#.##.# ##.#........#
#.##.# ##...........#
#.##.# ##............#
#.##.###............(##
#..#.##........g.....)#
...............)@.....#
.#####%#######g####...#
.###.....# ... ##..#
.##.....###.... ###..#
.#.....###..... ##.#..#
.#....###...[.###..#..#
.'...## .....###...'..#
.#..######+####....#..#
.#.###.#.....#.....#..#


You could see 2 gnolls.

Vanquished Creatures
  A jelly (D:4)
  A gnoll bouda (D:4)
  An orc priest (D:3)
  Ijyb (D:4)
  A gnoll (D:4)
  8 adders
  2 river rats (Sewer)
  An ufetubus (D:4)
  2 worms (D:2)
  4 orcs
  7 bats
  9 endoplasms
  5 giant cockroaches
  7 goblins
  5 hobgoblins
  2 quokkas
  11 ball pythons
  4 frilled lizards
  5 kobolds
  12 rats
89 creatures vanquished.

Notes
Turn   | Place    | Note
-------+----------+-------------------------------------------
     0 | D:1      | qw the Gargoyle Hunter began the quest for the Orb.
     0 | D:1      | Reached XP level 1. HP: 12/12 MP: 1/1
     0 | D:1      | 0 ||| qw: Version: 0.2-a-120-gdf1a93b
     0 | D:1      | 0 ||| qw: Game counter: 3038
     0 | D:1      | 0 ||| qw: Always use a shield: true
     0 | D:1      | 0 ||| qw: God list: Okawaru
     0 | D:1      | 0 ||| qw: Allow faded altars: false
     0 | D:1      | 0 ||| qw: Do Orc after D:15 true
     0 | D:1      | 0 ||| qw: Do second Lair branch before Depths: true
     0 | D:1      | 0 ||| qw: Lair rune preference: random
     0 | D:1      | 0 ||| qw: Plans: Normal
     0 | D:1      | 0 ||| PLANNING D:1-11
   197 | D:1      | Reached XP level 2. HP: 17/17 MP: 2/2
   853 | D:1      | 853 ||| READING scroll labelled VAMYOH ZAUNATI.
   854 | D:1      | 854 ||| READING scroll labelled ZUCUOS WUOL.
   858 | D:1      | 858 ||| READING scroll labelled MOIJUL BILA.
   859 | D:1      | 859 ||| DROPPING scroll of butterflies.
  1122 | D:2      | Reached XP level 3. HP: 21/21 MP: 3/3
  1235 | D:2      | Reached skill level 5 in Ranged Weapons
  1521 | D:2      | 1521 ||| DROPPING scarf of invisibility.
  1522 | D:2      | 1522 ||| UPGRADING to ring of protection from fire.
  1714 | D:3      | Found a faded altar of an unknown god.
  1827 | D:3      | Reached skill level 3 in Fighting
  1850 | D:3      | Reached XP level 4. HP: 22/28 MP: 4/4
  1996 | D:3      | 1996 ||| UPGRADING to +0 pair of gloves.
  2001 | D:3      | 2001 ||| READING scroll labelled CACHUBI ULIHE.
  2002 | D:3      | 2002 ||| READING scroll labelled WAMULUROUM.
  2003 | D:3      | 2003 ||| DRINKING 2 orange potions.
  2024 | D:4      | 2024 ||| PLANNING SEWER
  2063 | D:4      | Found a glowing drain.
  2069 | D:4      | 2069 ||| Stepping ~*~*~tactically~*~*~ (water).
  2076 | Sewer    | Entered a sewer
  2083 | Sewer    | 2083 ||| Stepping ~*~*~tactically~*~*~ (water).
  2119 | Sewer    | Reached XP level 5. HP: 32/32 MP: 5/5
  2125 | Sewer    | Reached skill level 6 in Ranged Weapons
  2169 | Sewer    | 2169 ||| Stepping ~*~*~tactically~*~*~ (water).
  2229 | Sewer    | 2229 ||| Stepping ~*~*~tactically~*~*~ (water).
  2231 | Sewer    | 2231 ||| Stepping ~*~*~tactically~*~*~ (water).
  2233 | Sewer    | 2233 ||| Stepping ~*~*~tactically~*~*~ (water).
  2235 | Sewer    | 2235 ||| Stepping ~*~*~tactically~*~*~ (water).
  2242 | Sewer    | 2242 ||| Stepping ~*~*~tactically~*~*~ (water).
  2246 | Sewer    | Reached skill level 1 in Armour
  2409 | Sewer    | 2409 ||| READING scroll labelled PANUGYBB GACZOF.
  2410 | Sewer    | 2410 ||| READING 3 scrolls labelled RENIEDW LEEFF.
  2411 | Sewer    | 2411 ||| DRINKING 2 dark potions.
  2412 | Sewer    | 2412 ||| DRINKING 2 bubbling silvery potions.
  2413 | Sewer    | 2413 ||| DROPPING potion of enlightenment.
  2414 | Sewer    | 2414 ||| DROPPING 2 scrolls of immolation.
  2451 | D:4      | 2451 ||| PLANNING D:1-11
  2501 | D:4      | HP: 8/32 [orc/+1 heavy hand axe (3)]
  2502 | D:4      | 2502 ||| READING 2 scrolls of teleportation.
  2503 | D:4      | 2503 ||| DRINKING potion of heal wounds.
  2720 | D:4      | Reached XP level 6. HP: 38/38 MP: 6/6
  2746 | D:4      | Found an iron altar of Okawaru.
  2747 | D:4      | 2747 ||| PLANNING OKAWARU WORSHIP
  2747 | D:4      | 2747 ||| UPGRADING to +0 ring mail.
  2757 | D:4      | 2757 ||| DROPPING +0 leather armour.
  2758 | D:4      | 2758 ||| READING scroll labelled KUVIB FORIPA.
  2761 | D:4      | Found a broken altar of Ashenzari.
  2763 | D:4      | Became a worshipper of Warmaster Okawaru
  2763 | D:4      | 2763 ||| PLANNING D:1-11
  2765 | D:4      | Found a shimmering altar of Xom.
  2768 | D:4      | Found a burning altar of Makhleb.
  2768 | D:4      | Found a hazy altar of Hepliaklqana.
  2768 | D:4      | Found an ancient bone altar of Kikubaaqudgha.
  2768 | D:4      | Found an opulent altar of Gozag.
  2768 | D:4      | Found a snail-covered altar of Cheibriados.
  2770 | D:4      | Found a sparkling altar of Nemelex Xobeh.
  2772 | D:4      | Found a shimmering blue altar of Sif Muna.
  2774 | D:4      | Found a white marble altar of Elyvilon.
  2875 | D:4      | Noticed Ijyb
  2879 | D:4      | Killed Ijyb
  3128 | D:4      | 3128 ||| Stepping ~*~*~tactically~*~*~ (outnumbered).
  3136 | D:4      | HP: 9/38 [gnoll/+0 flail[a gnoll bouda] (2)]
  3137 | D:4      | 3137 ||| READING 2 scrolls of teleportation.
  3137 | D:4      | Slain by a gnoll

Levels and vault maps discovered:
D:1:      dpeg_arrival_stonehenge_8_columns, layout_basic
D:2:      layout_loops_cross
D:3:      layout_rooms, shapermc_ecumenical_altar_notcrosses
D:4:      layout_loops_ring, minitemple, cheibrodos_sewer_entry_drain,
          minmay_quadrilaterals, uniq_ijyb

Skill      XL: |  1  2  3  4  5 |
---------------+----------------+-----
Ranged Weapons | 5 6 |  6.6
Fighting       | 3 4 |  4.0
Armour         | 1 |  1.2
Dodging        | |  1.5
Stealth        | |  1.1

Action                     |  1- 3 |  4- 6 || total
---------------------------+-------+-------++-------
   Fire: Shortbow          |   141 |   161 ||   302
    Use: Scroll            |     3 |     7 ||    10
         Potion            |       |     4 ||     4
 Armour: Leather armour    |    23 |    24 ||    47
         Ring mail         |       |    13 ||    13
  Dodge: Dodged            |    23 |    56 ||    79

Table legend:
 A = Non-vault XP
 B = Vault XP
 C = Vault XP percentage of total XP
 D = Non-vault monster count
 E = Vault monster count
 F = Vault count percentage of total count
                 A         B        C        D         E       F
            +---------+---------+-------+---------+---------+-------
      Total |     272 |     171 |  38.6 |      66 |      23 |  25.8
            +---------+---------+-------+---------+---------+-------
        D:1 |      19 |       0 |   0.0 |      13 |       0 |   0.0
        D:2 |      32 |       0 |   0.0 |      14 |       0 |   0.0
        D:3 |      76 |       0 |   0.0 |      22 |       0 |   0.0
        D:4 |     145 |      45 |  23.7 |      17 |       7 |  29.2
      Sewer |       0 |     126 | 100.0 |       0 |      16 | 100.0
            +---------+---------+-------+---------+---------+-------
